 Dungeon Crawl Stone Soup version 0.30-a0-223-gcb0039aa0c (webtiles) character file.

Game seed: 9290005089621382948

70 greasedhog the Trooper (level 4, -7/29 HPs)
             Began as a Gargoyle Chaos Knight on Oct 9, 2022.
             Was a Plaything of Xom.
             Killed by divine providence
             ... invoked by an orc priest
              (17 damage)
             ... on level 3 of the Dungeon.
             The game lasted 00:01:47 (1670 turns).

greasedhog the Trooper (Gargoyle Chaos Knight)      Turns: 1670, Time: 00:01:47

Health: -7/29      AC: 10    Str: 18    XL:     4   Next: 21%
Magic:  4/4        EV: 11    Int: 12    God:    Xom [....*.]
Gold:   241        SH:  0    Dex:  9    Spells: 3/3 levels left

rFire   . . .      SeeInvis .    a - +0 mace (chaos)
rCold   . . .      Faith    .    (no shield)
rNeg    + . .      Spirit   .    b - +2 leather armour
rPois   ∞          Reflect  .    (no helmet)
rElec   +          Harm     .    (no cloak)
rCorr   .          Rampage  .    (no gloves)
Will    .....                    h - +0 pair of boots
Stlth   +.........               (no amulet)
HPRegen 0.24/turn                (no ring)
MPRegen 0.09/turn                (no ring)

@: no status effects
A: sickness immunity, AC +3, negative energy resistance 1, electricity
resistance, torment resistance 1, petrification resistance
a: Renounce Religion


You were on level 3 of the Dungeon.
You worshipped Xom.
You were a beloved toy of Xom.
You visited 1 branch of the dungeon, and saw 3 of its levels.

You collected 241 gold pieces.

Inventory:

Hand Weapons
 a - a +0 mace of chaos (weapon)
Armour
 b - a +2 leather armour (worn)
 h - a +0 pair of boots (worn)
Jewellery
 k - a +6 ring of dexterity
Scrolls
 e - a scroll of amnesia {unknown}
 g - a scroll of fog
 i - a scroll of enchant weapon {unknown}
 j - a scroll of fear {unknown}
 l - a scroll of blinking {unknown}
 n - a scroll of poison {unknown}
 p - a scroll of identify
 r - a scroll of silence {unknown}
 s - 2 scrolls of noise
Potions
 d - 3 potions of might {unknown}
 f - a potion of curing {unknown}
 m - 2 potions of magic {unknown}
 o - a potion of brilliance {unknown}
 q - a potion of attraction {unknown}
Miscellaneous
 c - a piece from Xom's chessboard (15/15) (quivered)


   Skills:
 * Level 3.9 Fighting
 * Level 3.5 Maces & Flails
 * Level 3.0 Armour
 * Level 1.6 Dodging


You had 3 spell levels left.
You didn't know any spells.
Your spell library was empty.

Dungeon Overview and Level Annotations

Branches:
Dungeon (3/15)

Altars:
Xom


Innate Abilities, Weirdness & Mutations

You are immune to sickness and miasma.
Your stone body is resilient. (AC +3)
You are immune to poison.
You resist negative energy. (rN+)
You are resistant to electric shocks. (rElec)
You are resistant to unholy torment.
You are immune to petrification.


Message History

You kill the adder!
Your Armour skill increases to level 3!
No target in view!
No target in view!
You now have 241 gold pieces (gained 16).
An orc priest comes into view. It is wielding a +0 flail.
The orc priest shouts!
You hear an angry hiss.
You hear a shout!
An orc priest is nearby!
An orc priest is nearby!
An orc comes into view. It is wielding a +0 hand axe.
The orc shouts!
You hear a shout! x3
An orc wizard comes into view. It is wielding a +0 dagger.
An orc comes into view. It is wielding a +0 falchion.
The orc shouts!
The orc priest mumbles some strange prayers to Beogh against you.
Beogh smites you!
The orc wizard mumbles some strange words.
The orc wizard flickers and vanishes!
Deactivating autopickup; reactivate with Ctrl-A.
You see here 7 gold pieces.
As you read the scroll labelled BIUROD MANT, it crumbles to dust.
You hear a loud clanging noise!
It was a scroll of noise.
You hear an angry hiss. x2
An orc comes into view. It is wielding a +0 mace.
An orc wizard comes into view. It is wielding a +0 dagger.
The orc moves out of view.
You closely miss the orc. The orc priest closely misses you.
You hit the orc priest but do no damage.
The orc priest hits you but does no damage.
The orc priest hits you with a +0 flail!
The orc wizard barely misses you.
The orc priest hits you with a +0 flail.
You hit the orc priest.
The orc priest is poisoned.
The orc priest is moderately wounded.
The orc priest calls down the wrath of Beogh upon you.
Beogh smites you!
Ouch! That really hurt!
You die...
Xom laughs nastily!

...# .# ...####
...######....... ..
................
..................
.#.######...†..#####
.......#.#.##.#...
#............#.##
....#.........@o###.#.#
# #.#.........o.o.o....
#.....#....####o####.
.######........# ..
...<......#.##.# ..#
###.####.......# .#
.......<#..#.... ..
###.#......#...# .
#.###.##...#


You could see an orc priest (very poisoned), an orc wizard and 3 orcs.

Vanquished Creatures
  3 adders
  3 dart slugs
  2 ball pythons
  2 bats
  3 endoplasms
  8 goblins
  A hobgoblin (D:1)
  2 jackals (D:2)
  2 kobolds
  A quokka (D:2)
  3 frilled lizards
  4 rats
34 creatures vanquished.

Vanquished Creatures (others)
  A fungus (D:2)
  4 toadstools (D:2)
5 creatures vanquished.

Grand Total: 39 creatures vanquished

Notes
Turn   | Place    | Note
-------+----------+-------------------------------------------
     0 | D:1      | greasedhog the Gargoyle Chaos Knight began the quest for
                  | the Orb.
     0 | D:1      | Reached XP level 1. HP: 14/14 MP: 1/1
    14 | D:1      | XOM: divination: magic mapping
   154 | D:1      | XOM: potion effect (curing)
   160 | D:1      | Reached skill level 1 in Dodging
   165 | D:1      | Reached XP level 2. HP: 13/19 MP: 2/2
   352 | D:1      | XOM: silly message
   741 | D:1      | XOM: silly message
   911 | D:2      | XOM: scenery: create altars
   914 | D:2      | XOM: butterfly on damage
   916 | D:2      | Reached XP level 3. HP: 19/23 MP: 3/3
  1221 | D:2      | Reached XP level 4. HP: 29/29 MP: 4/4
  1405 | D:2      | XOM: god gift: scroll labelled WUESKE JEAR {god gift}
  1670 | D:3      | Killed from afar by an orc priest

Illustrated notes

Levels and vault maps discovered:
D:1:      roderic_octagonal_star, layout_loops_ring, dreamdust_wishing_well,
          corexii_corridor_pit, kennysheep_nondescript, minmay_misc_feat_plants
D:2:      layout_loops_ring, minmay_gold_behind_fungi, minmay_box_of_dots
D:3:      minmay_chambers_of_twos, layout_basic, old_standard_altar,
          lemuel_round_altar, hellmonk_ecumenical_altar_leap_of_faith,
          minmay_door_square

Skill      XL: |  1  2  3  4 |
---------------+-------------+-----
Dodging        | 1 |  1.6
Armour         | 3 |  3.0
Fighting       | |  3.9
Maces & Flails | |  3.5

Action                   |  1- 3 |  4- 6 || total
-------------------------+-------+-------++-------
Melee: Mace              |    86 |    13 ||    99
  Use: Scroll            |     1 |     1 ||     2
Armor: Leather armour    |    40 |     6 ||    46
Dodge: Dodged            |    62 |     7 ||    69

Table legend: (Time is in decaauts)
 A = Elapsed time spent in this place.
 B = Non-inter-level travel time spent in this place.
 C = Inter-level travel time spent in this place.
 D = Time resting spent in this place.
 E = Time spent auto-exploring this place.
 F = Levels seen in this place.
 G = Mean time per level.
                   A        B        C        D        E       F      G
               +--------+--------+--------+--------+--------+-----+--------+
         Total |   1692 |   1611 |     81 |      0 |   1341 |   3 |  564.0 |
       Dungeon |   1692 |   1611 |     81 |      0 |   1341 |   3 |  564.0 |
               +--------+--------+--------+--------+--------+-----+--------+

Top non-repeatable levels by time:
     D:2: 861 daAuts
     D:1: 803 daAuts
     D:3: 26 daAuts
